 Dungeon Crawl Stone Soup version 0.22.0-78-g6c94d2c (webtiles) character file.

258696 MalarOregon the Peltast (level 19, -1/177 HPs)
             Began as a Hill Orc Fighter on Sept 16, 2018.
             Was the Champion of the Shining One.
             Killed from afar by Orghok's ghost (16 damage)
             ... with a fireball
             ... on level 1 of the Vaults.
             The game lasted 02:29:39 (43241 turns).

MalarOregon the Peltast (Hill Orc Fighter)         Turns: 43241, Time: 02:29:40

Health: -1/177     AC: 24    Str: 21    XL:     19   Next: 88%
Magic:  39/39      EV: 18    Int: 20    God:    the Shining One [******]
Gold:   619        SH:  0    Dex: 22    Spells: 13/18 levels left

rFire    + . .     SeeInvis .   T - +5 war axe (holy)
rCold    + + .     Gourm    .   e - +3 shield "Ophot" {MP+9 Dex+3}
rNeg     + + +     Faith    .   Z - +5 ring mail of Autumn {rC+ Int+4}
rPois    .         Spirit   .   E - +2 helmet
rElec    .         Reflect  .   a - scarf {rC+ rF+}
rCorr    .         Harm     .   O - +0 pair of fencer's gloves {+Riposte Dex+3}
MR       +....     Rnd*Tele +   Y - +1 pair of boots "Cokugaewic" {Regen+ MP-9 Dex+6 Stlth-}
Stlth    ..........             V - amulet of rage
HPRegen  0.79/turn              M - ring "Oklienul" {MP+9 Int+2}
MPRegen  0.26/turn              W - +3 ring of protection

@: confused, divine shield, berserk cooldown, slowed, glowing, very slow
A: teleportitis 1
}: 2/15 runes: serpentine, barnacled
a: Divine Shield, Cleansing Flame, Summon Divine Warrior, Renounce Religion,
Evoke Berserk Rage


You were on level 1 of the Vaults.
You worshipped the Shining One.
The Shining One was exalted by your worship.
You were not hungry.

You visited 7 branches of the dungeon, and saw 33 of its levels.
You also visited: Labyrinth and Ossuary.

You collected 3325 gold pieces.
You spent 2706 gold pieces at shops.

Inventory:

Hand Weapons
 D - a +3 hand axe of flaming
 R - a +9 blowgun
 T - a +5 war axe of holy wrath (weapon)
Missiles
 o - a throwing net
 z - 14 javelins of penetration (quivered)
 L - 13 curare-tipped needles
Armour
 a - a scarf of resistance (worn)
 e - the +3 shield "Ophot" (worn) {MP+9 Dex+3}
   (You took it off Asterion on level 3 of the Snake Pit)

   It affects your dexterity (+3).
   It affects your magic capacity (+9).
 E - a +2 helmet (worn)
 O - the +0 pair of fencer's gloves (worn) {+Riposte Dex+3}
   (You found it in a labyrinth)

   It affects your dexterity (+3).
 Y - the +1 pair of boots "Cokugaewic" (worn) {Regen+ MP-9 Dex+6 Stlth-}
   (You bought it in a shop on level 2 of the Orcish Mines)

   It affects your dexterity (+6).
   It affects your magic capacity (-9).
   It increases your rate of regeneration.
   It makes you less stealthy.
 Z - the +5 ring mail of Autumn (worn) {rC+ Int+4}
   (You bought it in a shop on level 2 of the Orcish Mines)

   It affects your intelligence (+4).
   It protects you from cold.
Magical Staves
 X - an uncursed staff of fire
Jewellery
 K - the ring "Yvalis" {rPois rC+ Str-4 Int+4}
   (You found it on level 3 of the Lair of Beasts)

   [ring of protection from cold]

   It affects your strength (-4).
   It affects your intelligence (+4).
   It protects you from cold.
   It protects you from poison.
 M - the ring "Oklienul" (left hand) {MP+9 Int+2}
   (You took it off a minotaur in a labyrinth)

   [ring of magical power]

   It affects your intelligence (+2).
   It affects your magic capacity (+9).
 P - an uncursed ring of protection from fire
 S - an uncursed ring of protection from cold
 V - an amulet of rage (around neck)
 W - a +3 ring of protection (right hand)
Wands
 b - a wand of acid (15)
 i - a wand of disintegration (54)
 p - a wand of polymorph (31)
 y - a wand of iceblast (20)
 I - a wand of paralysis (17)
 J - a wand of enslavement (17)
 N - a wand of scattershot (7)
Scrolls
 h - 14 scrolls of amnesia
 k - 4 scrolls of blinking
 l - 11 scrolls of fog
 m - 13 scrolls of remove curse
 n - 3 scrolls of magic mapping
 w - 6 scrolls of teleportation
 A - a scroll of fear
 B - 2 scrolls of identify
Potions
 d - 3 potions of might
 g - 4 potions of brilliance
 j - 2 potions of resistance
 q - a potion of mutation
 r - 7 potions of cancellation
 t - 3 potions of ambrosia
 u - a potion of heal wounds
 v - 3 potions of agility
 x - 11 potions of curing
 F - 2 potions of magic
 H - 3 potions of haste
 U - 4 potions of flight
Miscellaneous
 c - 3 phantom mirrors
 Q - a lamp of fire
Comestibles
 f - 32 rations


   Skills:
 + Level 17.2 Fighting
 - Level 16.0 Axes
 + Level 7.4 Throwing
 + Level 16.0 Armour
 - Level 8.0 Dodging
 + Level 17.8 Shields
 + Level 6.6 Fire Magic
 + Level 15.3 Invocations
 + Level 8.4 Evocations


You had 13 spell levels left.
You knew the following spells:

 Your Spells              Type           Power        Failure   Level  Hunger
a - Bolt of Magma         Conj/Fire/Erth #.........   96%         5    ######.

Your spell library contained the following spells:

 Spells                   Type           Power        Failure   Level  Hunger
 Animate Skeleton         Necr           N/A          26%         1    ##.....
 Apportation              Tloc           #.....       26%         1    ##.....
 Beastly Appendage        Tmut           #.....       26%         1    ##.....
 Confusing Touch          Hex            #.....       26%         1    ##.....
 Corona                   Hex            #......      26%         1    ##.....
 Freeze                   Ice            #...         26%         1    ##.....
 Infusion                 Chrm           #...         26%         1    ##.....
 Shock                    Conj/Air       #...         26%         1    ##.....
 Summon Small Mammal      Summ           #...         26%         1    ##.....
 Call Imp                 Summ           #.......     36%         2    ###....
 Ensorcelled Hibernation  Hex/Ice        #.....       36%         2    ###....
 Shroud of Golubria       Chrm/Tloc      #.........   36%         2    ###....
 Song of Slaying          Chrm           #.......     36%         2    ###....
 Sticks to Snakes         Tmut           #.......     36%         2    ###....
 Swiftness                Chrm/Air       #.......     36%         2    ###....
 Throw Frost              Conj/Ice       #.....       36%         2    ###....
 Call Canine Familiar     Summ           #.......     61%         3    ####...
 Confuse                  Hex            #.......     61%         3    ####...
 Dazzling Spray           Conj/Hex       #.....       61%         3    ####...
 Ozocubu's Armour         Chrm/Ice       #.......     61%         3    ####...
 Regeneration             Chrm/Necr      #.........   61%         3    ####...
 Spectral Weapon          Hex/Chrm       #.......     61%         3    ####...
 Static Discharge         Conj/Air       #.......     61%         3    ####...
 Summon Guardian Golem    Hex/Summ       #.......     61%         3    ####...
 Tukima's Dance           Hex            #.......     61%         3    ####...
 Airstrike                Air            #.........   95%         4    #####..
 Summon Ice Beast         Ice/Summ       #.......     95%         4    #####..
 Summon Lightning Spire   Summ/Air       #.......     95%         4    #####..
 Throw Icicle             Conj/Ice       #.......     95%         4    #####..
 Alistair's Intoxication  Tmut/Pois      #.......     100%        5    ######.
 Blade Hands              Tmut           #.........   100%        5    ######.
 Irradiate                Conj/Tmut      #.........   100%        5    ######.
 Iskenderun's Battlesphe  Conj/Chrm      #.......     100%        5    ######.
 Lightning Bolt           Conj/Air       #.........   100%        5    ######.
 Venom Bolt               Conj/Pois      #.........   100%        5    ######.
 Hydra Form               Tmut           #.........   100%        6    #######
 Iron Shot                Conj/Erth      #.........   100%        6    #######
 Statue Form              Tmut/Erth      #........    100%        6    #######
 Dragon Form              Tmut           #.........   100%        7    #######
 Orb of Destruction       Conj           #.........   100%        7    #######
 Spellforged Servitor     Conj/Summ      #.........   100%        7    #######


Dungeon Overview and Level Annotations

Branches:
Dungeon (15/15)            Temple (1/1) D:5            Lair (6/6) D:8
 Shoals (4/4) Lair:2        Snake (4/4) Lair:2        Slime (0/5) Lair:6
    Orc (2/2) D:10            Elf (0/3) Orc:2        Vaults (1/5) D:14
 Depths (0/5) D:15

Altars:
Ashenzari
Cheibriados
Dithmenos
Elyvilon
Fedhas
Gozag
Hepliaklqana
Kikubaaqudgha
Makhleb
Nemelex Xobeh
Okawaru
Qazlal
Ru
Sif Muna
Trog
Uskayaw
Vehumet
Wu Jian
Xom
Yredelemnul
Zin
The Shining One

Shops:
D:4 [   D:9 [   Orc:2 =[*([   Shoals:4 (   Snake:1 (   Snake:3 }
Vaults:1 *:([

Annotations:
D:7 1 runed door
Vaults:1 Orghok's ghost, adept GnFi


Innate Abilities, Weirdness & Mutations

You are occasionally teleported next to monsters.


Message History

Orghok's ghost is severely damaged.
You slash the white imp!
You kill the white imp!
You hit the shadow imp.
The shadow imp convulses.
Orghok's ghost casts a spell at you. The bolt of magma hits you!
You partially resist.
* * * LOW HITPOINT WARNING * * *
You block the shadow imp's attack.
You are confused.
You feel invigorated.
Orghok's ghost whispers, "They're coming for you..."
Orghok's ghost hits you!
* * * LOW HITPOINT WARNING * * *
Orghok's ghost burns you.
* * * LOW HITPOINT WARNING * * *
The shadow imp closely misses you. Orghok's ghost misses you.
The shadow imp barely misses you. Orghok's ghost casts a spell at you.
The fireball explodes!
The fireball engulfs you! You resist.
You die...

.............#8(..⌠..!8#........#
.............#?........#........#
############.#.........#........#
#.##.##.##.#.#.........#........#
'..........#.#⌠.......⌠#........#
#...8..8...#.#.........#........#
#..........#.####W''####........#
#.##.##.##.#.#.........#........#
############.#..@5.....#........#
.............#####'##''#........#
................................#
................................#
................................#
#################################


You could see Orghok's ghost and a shadow imp.

Vanquished Creatures
  Vashnia (Snake:4)
  Nikola (Shoals:4)
  The ghost of Mehygaiv the Blocker, an adept GnFi of Elyvilon (Vaults:1)
  Rupert (Lair:5)
  Agnes (Snake:1)
  Roxanne (Snake:4)
  Kirke (Snake:4)
  7 nagarajas (Snake:4)
  An orc warlord (Orc:2)
  3 vault wardens (Vaults:1)
  An ironheart preserver (Vaults:1)
  A stone giant (Orc:2)
  A minotaur (Lab)
  Snorg (Orc:1)
  6 merfolk javelineers
  5 merfolk impalers
  A yaktaur captain (Vaults:1)
  Josephine (D:10)
  4 fire dragons
  An ice dragon (D:15)
  15 naga warriors
  7 hydras
  4 merfolk avatars (Shoals:4)
  8 vault guards
  7 anacondas
  2 merfolk aquamancers
  7 two-headed ogres
  2 alligator snapping turtles (Shoals:3)
  The ghost of HEYYEYAAE the Spear-Bearer, a novice DgGl (D:11)
  7 centaur warriors
  An alligator (Shoals:4)
  A death knight (D:13)
  4 satyrs
  2 ogre magi
  5 death yaks (Lair:5)
  14 shock serpents
  16 naga sharpshooters
  A deep elf knight (Vaults:1)
  5 orc high priests
  2 salamander mystics (Snake:2)
  5 unseen horrors
  2 skeletal warriors (D:13)
  A glowing orange brain (Vaults:1)
  15 sea snakes
  An obsidian statue (Shoals:4)
  A necromancer (D:15)
  2 ironbrand convokers (Vaults:1)
  4 mana vipers
  2 naga ritualists
  4 deep elf magi
  2 oklob plants
  8 orc knights
  A wolf spider (Vaults:1)
  13 harpies
  25 ugly things
  8 slime creatures
  5 orc sorcerers
  13 manticores
  3 elephants (Lair:5)
  24 fauns
  29 black mambas
  6 cyclopes
  8 salamanders
  26 naga magi
  2 vault sentinels (Vaults:1)
  7 merfolk sirens
  3 gargoyles
  4 guardian serpents
  4 water nymphs
  10 spiny frogs
  2 freezing wraiths
  A rime drake (shapeshifter) (Vaults:1)
  8 komodo dragons
  2 kobold demonologists
  2 rime drakes (Lair:4)
  A tengu conjurer (D:15)
  A yaktaur (Vaults:1)
  7 polar bears
  3 meliai (D:14)
  36 merfolk
  7 trolls
  A hornet (shapeshifter) (Vaults:1)
  12 blink frogs
  3 hornets
  3 wind drakes
  19 dream sheep
  3 snapping turtles
  16 hippogriffs
  A shadow (D:15)
  12 spriggans (Lair:6)
  5 wyverns
  9 wraiths
  10 water elementals
  5 basilisks
  3 steam dragons
  A hog (shapeshifter) (D:14)
  33 yaks
  A human (Lair:6)
  3 hungry ghosts
  7 hogs (Snake:4)
  15 vampire mosquitoes
  Menkaure (D:7)
  3 wargs
  43 nagas
  13 water moccasins
  4 porcupines
  A soldier ant (D:13)
  2 black bears (Lair:6)
  5 ice beasts
  28 orc warriors
  A necrophage (D:11)
  5 phantoms
  5 sky beasts
  A tengu (shapeshifter) (D:13)
  13 ogres
  16 wolves (Lair:6)
  10 boggarts
  14 centaurs
  7 crocodiles
  2 elf zombies (D:7)
  3 big kobolds
  17 bullfrogs
  A wyvern zombie (D:13)
  2 gnoll sergeants
  An elf skeleton (D:7)
  A water moccasin zombie (Ossuary)
  3 scorpions
  A wyvern skeleton (D:14)
  An orc simulacrum (Vaults:1)
  9 killer bees
  17 wights
  A troll zombie (D:10)
  An electric eel (D:8)
  8 howler monkeys
  6 crimson imps
  A bullfrog zombie (D:11)
  7 hounds
  A quasit (D:9)
  4 jellies
  4 centaur zombies
  18 orc priests
  2 bullfrog skeletons
  7 centaur skeletons
  24 orc wizards
  9 iguanas
  A human skeleton (D:7)
  10 worker ants
  2 big kobold zombies (Ossuary)
  5 ogre zombies (D:10)
  A hound skeleton (D:5)
  2 mummies (Ossuary)
  A worker ant zombie (D:10)
  5 gnolls (D:4)
  15 adders
  3 shadow imps
  6 adder zombies
  An adder skeleton (D:7)
  3 worms
  7 dart slugs
  5 leopard geckos
  101 orcs
  A ball python (D:6)
  4 giant cockroaches
  6 hobgoblins
  16 jackals
  21 kobolds
  9 quokkas
  14 bats
  5 frilled lizards
  2 gnoll zombies (Ossuary)
  9 goblins
  A goblin zombie (D:10)
  A hobgoblin skeleton (D:10)
  10 hobgoblin zombies
  A jackal skeleton (D:5)
  5 kobold zombies (Ossuary)
  A leopard gecko skeleton (D:4)
  6 orc skeletons
  18 orc zombies
  13 rats
  2 fungi
  17 plants
1274 creatures vanquished.

Vanquished Creatures (collateral kills)
  Asterion (Snake:3)
  A deep elf demonologist (Vaults:1)
  A wolf spider (Vaults:1)
  A kobold demonologist (D:13)
  A wind drake (Shoals:4)
  A snapping turtle (Shoals:4)
  An orc priest (D:13)
7 creatures vanquished.

Vanquished Creatures (others)
  A merfolk javelineer (Shoals:4)
  A kobold demonologist (D:13)
  A snapping turtle (Shoals:4)
  A naga (Snake:4)
  An orc priest (D:13)
  10 fungi
  63 plants
  6 withered plants (Vaults:1)
84 creatures vanquished.

Grand Total: 1365 creatures vanquished

Notes
Turn   | Place    | Note
-------+----------+-------------------------------------------
     0 | D:1      | MalarOregon the Hill Orc Fighter began the quest for the
                  | Orb.
     0 | D:1      | Reached XP level 1. HP: 19/19 MP: 1/1
   143 | D:1      | Reached XP level 2. HP: 26/27 MP: 2/2
   376 | D:1      | Reached XP level 3. HP: 33/33 MP: 3/3
  1316 | D:2      | Reached XP level 4. HP: 35/40 MP: 4/4
  1929 | D:3      | Reached XP level 5. HP: 42/46 MP: 5/5
  2270 | D:3      | Reached skill level 5 in Axes
  2324 | D:3      | Reached XP level 6. HP: 34/53 MP: 6/6
  2908 | D:4      | Reached skill level 5 in Shields
  3136 | D:4      | Found Meprado's Armour Shop.
  3204 | D:4      | Reached XP level 7. HP: 27/60 MP: 7/7
  3444 | D:4      | Reached skill level 5 in Fighting
  4535 | D:5      | Entered Level 5 of the Dungeon
  4809 | D:4      | Reached skill level 5 in Armour
  4809 | D:4      | Reached XP level 8. HP: 47/69 MP: 8/8
  5415 | D:5      | Found a staircase to the Ecumenical Temple.
  5470 | Temple   | Entered the Ecumenical Temple
  5665 | Temple   | Became a worshipper of the Shining One
  6494 | D:6      | Reached XP level 9. HP: 62/78 MP: 9/9
  7260 | D:7      | Reached skill level 10 in Axes
  7318 | D:7      | Reached * piety under the Shining One
  7356 | D:7      | Found a sand-covered staircase.
  7375 | Ossuary  | Entered an ossuary
  7396 | Ossuary  | Reached ** piety under the Shining One
  7465 | Ossuary  | Reached *** piety under the Shining One
  7708 | D:7      | Noticed Menkaure
  7715 | D:7      | Killed Menkaure
  7737 | D:7      | Found a glowing golden altar of the Shining One.
  7739 | D:7      | Found a runed door.
  7739 | D:7      | Noticed an angel
  7966 | D:7      | Reached XP level 10. HP: 76/86 MP: 10/10
  8299 | D:8      | Noticed a two-headed ogre
  8312 | D:8      | Killed a two-headed ogre
  8868 | D:8      | Reached skill level 10 in Shields
  9140 | D:8      | Found a staircase to the Lair.
  9614 | D:9      | Reached **** piety under the Shining One
  9804 | D:9      | Found Isoudann's Antique Armour Emporium.
  9817 | D:9      | Bought a pair of glowing boots for 217 gold pieces
  9822 | D:9      | Bought a cloak for 130 gold pieces
 10279 | D:9      | Found a sparkling altar of Nemelex Xobeh.
 10367 | D:9      | Found a sparkling altar of Nemelex Xobeh.
 10384 | D:10     | Entered Level 10 of the Dungeon
 10544 | D:10     | Noticed Josephine
 10575 | D:10     | Killed Josephine
 10575 | D:10     | Reached XP level 11. HP: 38/95 MP: 7/11
 10950 | D:10     | Found a staircase to the Orcish Mines.
 10950 | D:10     | Reached ***** piety under the Shining One
 11463 | D:11     | Found a runed door.
 11712 | D:11     | Noticed HEYYEYAAE's ghost (novice DgGl)
 11758 | D:11     | Noticed an unseen horror
 11758 | D:11     | Noticed a centaur warrior
 11759 | D:11     | Noticed an unseen horror
 11762 | D:11     | Noticed a red ugly thing
 11772 | D:11     | Killed an unseen horror
 11773 | D:11     | Noticed a five-headed hydra
 11781 | D:11     | Noticed a centaur warrior
 11782 | D:11     | Killed a centaur warrior
 12067 | Lair:1   | Entered Level 1 of the Lair of Beasts
 12091 | Lair:1   | Reached ****** piety under the Shining One
 12275 | Lair:1   | Found a labyrinth entrance.
 12286 | Lab      | Entered a labyrinth
 12708 | Lab      | Noticed a minotaur
 12726 | Lab      | Killed a minotaur
 12726 | Lab      | Reached skill level 10 in Fighting
 12726 | Lab      | Reached XP level 12. HP: 60/106 MP: 5/12
 12728 | Lab      | Got a bound copper ring
 12748 | Lab      | Found the +0 pair of fencer's gloves {+Riposte Dex+3}
 13419 | Lair:2   | Found a staircase to the Snake Pit.
 13434 | Lair:2   | Found a staircase to the Shoals.
 13630 | Lair:2   | Noticed a four-headed hydra
 13637 | Lair:2   | Killed a one-headed hydra
 14613 | Lair:2   | Identified the ring "Oklienul" {MP+9 Int+2} (You took it
                  | off a minotaur in a labyrinth)
 14689 | Lair:2   | Reached skill level 15 in Axes
 15266 | Lair:3   | Reached skill level 10 in Armour
 15429 | Lair:3   | Reached XP level 13. HP: 89/116 MP: 13/13
 15785 | Lair:3   | Got a twitching steel ring
 16789 | Lair:5   | You are sucked into a shaft!
 16789 | Lair:6   | Entered Level 6 of the Lair of Beasts
 16915 | Lair:6   | Found a staircase to the Slime Pits.
 16936 | Lair:6   | Noticed Sonja
 16958 | Lair:6   | Noticed Sonja
 16958 | Lair:6   | Sonja changed into Sonja the human
 16969 | Lair:6   | Killed Sonja the human
 18015 | Lair:6   | Reached skill level 15 in Shields
 18215 | Lair:5   | Reached XP level 14. HP: 99/127 MP: 14/14
 18232 | Lair:5   | Noticed Rupert
 18260 | Lair:5   | Killed Rupert
 18386 | Lair:5   | Reached skill level 1 in Invocations
 20177 | Orc:1    | Entered Level 1 of the Orcish Mines
 20446 | D:10     | Reached skill level 5 in Invocations
 20586 | D:11     | Reached skill level 1 in Dodging
 20737 | D:11     | Found the +5 scythe "Finisher" {speed, Str+3}
 20754 | D:11     | Found Diurhem's Weapon Shoppe.
 21384 | D:11     | Killed HEYYEYAAE's ghost
 21559 | Orc:1    | Noticed Snorg
 21578 | Orc:1    | Killed Snorg
 21712 | Orc:1    | Identified the ring "Yvalis" {rPois rC+ Str-4 Int+4} (You
                  | found it on level 3 of the Lair of Beasts)
 21720 | Orc:2    | Entered Level 2 of the Orcish Mines
 21763 | Orc:2    | Found Jeizudd's Jewellery Emporium.
 21780 | Orc:2    | Found a staircase to the Elven Halls.
 22141 | Orc:2    | Noticed a stone giant
 22165 | Orc:2    | Killed a stone giant
 22317 | Orc:2    | Reached XP level 15. HP: 92/137 MP: 20/20
 22323 | Orc:2    | Paralysed by an orc sorcerer for 7 turns
 22587 | Orc:1    | Noticed an orc warlord
 22650 | Orc:2    | Found Zoulozum's General Store.
 22650 | Orc:2    | Found Kezxiwes's Antique Armour Shop.
 22652 | Orc:2    | Found Tust's Armour Shoppe.
 22652 | Orc:2    | Found Uganacek's Weapon Shop.
 22666 | Orc:2    | Bought a pair of steaming boots for 342 gold pieces
 22666 | Orc:2    | Bought a jewelled ring mail for 324 gold pieces
 22678 | Orc:2    | Identified the +1 pair of boots "Cokugaewic" {Regen+ MP-9
                  | Dex+6 Stlth-} (You bought it in a shop on level 2 of the
                  | Orcish Mines)
 22688 | Orc:2    | Identified the +5 ring mail of Autumn {rC+ Int+4} (You
                  | bought it in a shop on level 2 of the Orcish Mines)
 22697 | Orc:2    | Bought a scroll of identify for 26 gold pieces
 22697 | Orc:2    | Bought a scroll of fog for 26 gold pieces
 22697 | Orc:2    | Bought a lamp of fire for 520 gold pieces
 22697 | Orc:2    | Bought a scroll of remove curse for 39 gold pieces
 22697 | Orc:2    | Bought 2 potions of might for 104 gold pieces
 24139 | Orc:2    | Killed an orc warlord
 24139 | Orc:2    | Reached skill level 1 in Evocations
 24739 | Snake:1  | Entered Level 1 of the Snake Pit
 24826 | Snake:1  | Found Eckanotz's Antique Weapon Shop.
 25331 | Snake:1  | Found a stormy altar of Qazlal.
 25656 | Snake:1  | Reached skill level 10 in Invocations
 25993 | Snake:2  | Noticed Agnes
 26017 | Snake:1  | Killed Agnes
 26857 | Snake:2  | Reached XP level 16. HP: 147/147 MP: 24/24
 28465 | Snake:3  | Noticed Asterion
 28492 | Snake:3  | Killed Asterion
 28492 | Snake:3  | Reached skill level 15 in Fighting
 28494 | Snake:3  | Got a fine shield
 28618 | Snake:3  | Found Kier's Gadget Shop.
 28632 | Snake:3  | Reached skill level 5 in Dodging
 28645 | Snake:3  | Identified the +3 shield "Ophot" {MP+9 Dex+3} (You took it
                  | off Asterion on level 3 of the Snake Pit)
 28734 | Snake:3  | Reached skill level 1 in Throwing
 28944 | Snake:4  | Entered Level 4 of the Snake Pit
 29083 | Snake:4  | Noticed Vashnia
 29489 | Snake:4  | Killed Vashnia
 29697 | Snake:4  | Noticed Roxanne
 29718 | Snake:4  | Noticed a nagaraja
 29718 | Snake:4  | Noticed a nagaraja
 29720 | Snake:4  | Noticed a nagaraja
 29721 | Snake:4  | Noticed a nagaraja
 29776 | Snake:4  | Noticed a nagaraja
 29820 | Snake:4  | Killed a nagaraja
 29942 | Snake:4  | Noticed Kirke
 30002 | Snake:4  | Killed Kirke
 30442 | Snake:4  | Noticed a nagaraja
 30443 | Snake:4  | Noticed a nagaraja
 30816 | Snake:4  | Killed a nagaraja
 30823 | Snake:4  | Killed a nagaraja
 30823 | Snake:4  | Reached XP level 17. HP: 130/156 MP: 26/26
 30928 | Snake:4  | Killed Roxanne
 30929 | Snake:4  | Identified Roxanne's Almanac of Transformation (You took it
                  | off Roxanne on level 4 of the Snake Pit)
 32254 | Snake:4  | Reached skill level 5 in Evocations
 32384 | Snake:4  | Got a serpentine rune of Zot
 33084 | Orc:2    | Bought a runed hat for 252 gold pieces
 33430 | D:12     | Found a glowing golden altar of the Shining One.
 34261 | D:13     | Found a transporter.
 34298 | D:13     | Found a transporter.
 34836 | D:13     | Learned a level 5 spell: Bolt of Magma
 35022 | D:14     | Identified a scroll of acquirement
 35372 | D:14     | Found a gate to the Vaults.
 35381 | D:14     | Reached skill level 1 in Fire Magic
 35412 | D:14     | Reached skill level 5 in Throwing
 35530 | D:14     | Reached XP level 18. HP: 164/166 MP: 28/28
 35914 | D:15     | Entered Level 15 of the Dungeon
 36000 | D:15     | Reached skill level 15 in Armour
 36271 | D:15     | Found a staircase to the Depths.
 37246 | Shoals:1 | Entered Level 1 of the Shoals
 39256 | Shoals:3 | Identified the +1 robe of Beogh's Delight {rPois Str+4
                  | Int+3 Dex-2} (You found it on level 3 of the Shoals)
 39600 | Shoals:4 | Entered Level 4 of the Shoals
 39628 | Shoals:4 | Reached XP level 19. HP: 144/174 MP: 29/29
 39815 | Shoals:3 | Reached skill level 5 in Fire Magic
 40093 | Shoals:4 | Found Leps's Weapon Shoppe.
 40117 | Shoals:4 | Noticed Nikola
 40805 | Shoals:4 | Killed Nikola
 40874 | Shoals:4 | Got a barnacled rune of Zot
 40904 | Shoals:4 | Reached skill level 15 in Invocations
 41645 | Vaults:1 | Entered Level 1 of the Vaults
 41696 | Vaults:1 | Paralysed by an ogre mage for 6 turns
 42140 | Vaults:1 | Found a runed gate.
 42140 | Vaults:1 | Found a runed gate.
 42140 | Vaults:1 | Found a runed gate.
 42206 | Vaults:1 | Found Tat Ahor's Antique Armour Shoppe.
 42251 | Vaults:1 | Bought a fine scale mail for 342 gold pieces
 42263 | Vaults:1 | Identified the +1 scale mail of Wuwon {+Inv} (You bought it
                  | in a shop on level 1 of the Vaults)
 42884 | Vaults:1 | Noticed a Tzitzimitl
 42885 | Vaults:1 | Noticed an Ice Fiend
 42890 | Vaults:1 | Gained mutation: You are occasionally teleported next to
                  | monsters. [a cacodemon]
 42894 | Vaults:1 | Identified a +5 war axe of holy wrath (a +3 war axe of
                  | chopping blessed by the Shining One)
 42894 | Vaults:1 | Received a gift from the Shining One
 42934 | Vaults:1 | Found Mulecwoc's General Store.
 42942 | Vaults:1 | Bought a phantom mirror for 360 gold pieces
 42942 | Vaults:1 | Bought a scroll of identify for 24 gold pieces
 42967 | Vaults:1 | Found Beotsep's Antique Weapon Shoppe.
 43063 | Vaults:1 | Found Bigruh's Book Shop.
 43179 | Vaults:1 | Noticed Orghok's ghost (adept GnFi)
 43180 | Vaults:1 | Noticed Mehygaiv's ghost (adept GnFi)
 43225 | Vaults:1 | Killed Mehygaiv's ghost
 43240 | Vaults:1 | HP: 8/177 [Orghok's ghost (14)]
 43241 | Vaults:1 | Killed from afar by Orghok's ghost

Skill      XL: |  1  2  3  4  5  6  7  8  9 10 11 12 13 14 15 16 17 18 19 |
---------------+----------------------------------------------------------+-----
Axes           | 3 4 5 6 7 8 10 12 14 15 16 | 16.0
Fighting       | 4 5 6 7 8 10 11 12 13 14 15 16 17 | 17.2
Shields        | 4 5 6 7 9 10 12 13 15 16 17 | 17.8
Armour         | 4 5 6 8 9 10 11 12 13 14 15 16 | 16.0
Invocations    | 7 11 12 13 14 15 | 15.3
Dodging        | 2 4 5 7 8 |  8.0
Evocations     | 3 4 5 7 8 |  8.4
Throwing       | 3 5 6 7 |  7.4
Fire Magic     | 1 4 6 |  6.6

Action                   |  1- 3 |  4- 6 |  7- 9 | 10-12 | 13-15 | 16-18 | 19-21 || total
-------------------------+-------+-------+-------+-------+-------+-------+-------++-------
Melee: War axe           |   134 |   174 |       |       |   548 |  1899 |   607 ||  3362
       Hand axe          |       |       |   490 |   845 |   878 |     9 |       ||  2222
       Unarmed           |       |       |       |       |       |    11 |       ||    11
 Fire: Blowgun           |       |       |       |       |       |    29 |     2 ||    31
Throw: Tomahawk          |       |       |       |       |       |     4 |       ||     4
       Javelin           |       |       |       |       |       |       |    15 ||    15
Invok: Divine Shield     |       |       |       |       |       |     2 |     3 ||     5
       Summon Divine War |       |       |       |       |       |     1 |     1 ||     2
       Cleansing Flame   |       |       |       |       |       |       |     1 ||     1
       Brand Weapon With |       |       |       |       |       |       |     1 ||     1
Evoke: Wand              |       |       |       |       |    10 |    84 |    20 ||   114
       Box of beasts     |       |       |       |       |       |     1 |     2 ||     3
  Use: Scroll            |       |     3 |     9 |    14 |     9 |    18 |     6 ||    59
       Potion            |       |       |     1 |     4 |     9 |     6 |    14 ||    34
  Eat: Chunk             |     2 |     6 |    16 |    14 |    25 |    33 |    10 ||   106
       Ration            |       |       |       |     3 |     4 |     3 |     1 ||    11
Armor: Scale mail        |    77 |    81 |   138 |   125 |       |       |       ||   421
       Ice dragon scales |       |       |       |    72 |   340 |       |       ||   412
       Ring mail         |       |       |       |       |    72 |   343 |   187 ||   602
Dodge: Dodged            |    38 |    55 |   113 |   125 |   323 |   662 |   342 ||  1658
Block: Shield            |    72 |   119 |   196 |   388 |   833 |  1453 |   559 ||  3620
       Rpst.: Hand axe   |       |       |       |     7 |    41 |       |       ||    48
       War axe           |       |       |       |       |    34 |   124 |    49 ||   207
       Blowgun           |       |       |       |       |       |     1 |       ||     1
